 Dungeon Crawl Stone Soup version 0.17-a0-1954-g0dddeaa (webtiles) character file.

62314 glosham the Severer (level 14, -8/116 HPs)
             Began as a Demigod Skald on Oct 3, 2015.
             Mangled by a small abomination (11 damage)
             ... on level 1 of the Abyss.
             The game lasted 07:34:33 (19143 turns).

glosham the Severer (Demigod Skald)                Turns: 19143, Time: 07:34:33

Health: -8/116     AC: 13    Str: 25    XL:     14   Next: 27%
Magic:  18/25      EV: 24    Int: 21    God:
Gold:   2374       SH:  0    Dex: 22    Spells: 4 memorised, 14 levels left

rFire  . . .     SeeInvis +     a - +1 executioner's axe (venom)
rCold  + . .     Clarity  +     e - +2 leather armour {rC+}
rNeg   . . .     SustAt   +     (no shield)
rPois  .         Gourm    .     U - +2 helmet {SInv}
rElec  .         Spirit   .     Y - +0 cloak {MR+}
rCorr  .         Warding  .     V - +0 pair of gloves
rMut   .         Stasis   .     W - +2 pair of boots
MR     ++...                    z - amulet of clarity
Stlth  ++........               B - ring of wizardry
                                A - ring of Jurik {Str+2 Int+5 Dex+2}

@: agile, liquid flames, very slightly contaminated, glowing, studying Shields,
very resistant to hostile enchantments, unstealthy
A: high mp 1, sustain attributes
a: no special abilities


You were on level 1 of the Abyss.
You were not hungry.

You visited 3 branches of the dungeon, and saw 20 of its levels.
You visited the Abyss 1 time.
You also visited: Labyrinth, Sewer, Ossuary and Bailey.

You collected 2374 gold pieces.

Inventory:

Hand weapons
 a - a +1 executioner's axe of venom (weapon)
 b - a +3 battleaxe
 c - a +0 battleaxe of chopping
 r - a +5 war axe of distortion {!w}
Missiles
 n - 251 bolts
 I - 11 javelins (quivered)
Armour
 e - a +2 leather armour of cold resistance (worn)
 l - a +0 scale mail of poison resistance
 o - the +0 ring mail "Xudipiy" {+Blink Str+2 Int+7 Dex-5}
   (You found it on level 14 of the Dungeon)

   It affects your strength (+2).
   It affects your intelligence (+7).
   It affects your dexterity (-5).
   It lets you blink.
 y - a +1 robe of magic resistance
 R - a troll hide
 T - a +0 shadow dragon armour
 U - a +2 helmet of see invisible (worn)
 V - a +0 pair of gloves (worn)
 W - a +2 pair of boots (worn)
 X - a +3 leather armour of fire resistance
 Y - a +0 cloak of magic resistance (worn)
 Z - a +0 shield
Jewellery
 z - an amulet of clarity (around neck)
 A - the ring of Jurik (left hand) {Str+2 Int+5 Dex+2}
   (You found it on level 2 of the Lair of Beasts)

   [ring of dexterity]

   It affects your strength (+2).
   It affects your intelligence (+5).
   It affects your dexterity (+2).
 B - a ring of wizardry (right hand)
 C - an uncursed ring of ice
 D - an uncursed ring of protection from fire
 N - an uncursed ring of positive energy
 Q - an uncursed ring of teleportation
Magical devices
 g - a wand of teleportation (3)
 h - a wand of disintegration (15)
 i - a wand of cold (6)
Scrolls
 k - 3 scrolls of remove curse
 v - 2 scrolls of teleportation
 w - 2 scrolls of fog
 H - 2 scrolls of magic mapping
 J - 2 scrolls of fear
Potions
 j - a potion of flight
 m - 8 potions of curing
 q - 6 potions of berserk rage {!q}
 s - 5 potions of might
 t - 5 potions of heal wounds
 u - 4 potions of magic
 x - 2 potions of cancellation
 G - 3 potions of brilliance
 M - a potion of haste
 O - a potion of invisibility
 P - a potion of agility
Books
 E - a manual of Shields
 F - a manual of Shields
Miscellaneous
 S - a fan of gales (inert)
Comestibles
 d - 2 meat rations


   Skills:
 * Level 8.5 Fighting
 - Level 16.9 Axes
 - Level 1.0 Armour
 - Level 7.8 Dodging
 - Level 3.9 Stealth
 - Level 9.7 Shields
 - Level 5.0 Spellcasting
 - Level 2.3 Hexes
 - Level 6.0 Charms
 - Level 3.1 Necromancy
 - Level 1.5 Translocations
 - Level 1.0 Evocations


You had 14 spell levels left.
You knew the following spells:

 Your Spells              Type           Power        Failure   Level  Hunger
c - Spectral Weapon       Hex/Chrm       ###.....     4%          3    ##.....
i - Infusion              Chrm           ####..       1%          1    None
r - Regeneration          Chrm/Necr      ###.......   3%          3    ##.....
s - Shroud of Golubria    Chrm/Tloc      ###.......   1%          2    None


Dungeon Overview and Level Annotations

Branches:
Dungeon (15/15)            Temple (0/1) D:5            Lair (2/8) D:11
    Orc (3/4) D:12            Elf (0/3) Orc:3        Vaults (0/5) D:13
 Depths (0/5) D:15

Shops:
D:15 (

Annotations:
D:9 asdu's ghost, experienced HOBe
Abyss:1 Harold


Innate Abilities, Weirdness & Mutations

You have an increased reservoir of magic (+10% MP).
Your attributes are resistant to harm.


Message History

You are covered in liquid flames!
The smoke demon gestures at you. The sticky flame hits you!
You are covered in liquid flames!
You slice the smoke demon!!
The smoke demon is almost dead.
You are covered in liquid flames!
The raiju bursts into living lightning!
The living lightning hits the smoke demon.
The living lightning misses you. The living lightning hits you!
The raiju blinks!
The smoke demon gestures at you. The ball of steam hits you!
You slice the smoke demon!!
You kill the smoke demon!
You slice the raiju!!
The raiju is poisoned.
The raiju is heavily wounded.
You are engulfed in a cloud of scalding steam.
You are covered in liquid flames!
The raiju completely misses you.
You completely miss the raiju.
The raiju is heavily wounded.
You are engulfed in a cloud of scalding steam.
You are covered in liquid flames!
Your skin stops crawling.
The raiju bites you. The raiju shocks you!
* * * LOW HITPOINT WARNING * * *
The raiju stops to sniff the ground.
The raiju misses you.
You slash the raiju!
The raiju is almost dead.
You barely miss the small abomination.
You are covered in liquid flames!
* * * LOW HITPOINT WARNING * * *
The raiju bites you!
* * * LOW HITPOINT WARNING * * *
The raiju shocks you!
* * * LOW HITPOINT WARNING * * *
The small abomination hits you!
You die...

#+# ##.## .≈.
####.# #
#÷##.##.##.##$
#...≈x38..≈.3≈
#.##@# # .##3
####h## #
#..[# #####


You could see a raiju, a chaos spawn and a small abomination.

Vanquished Creatures
  Fannar (Lair:1)
  A rakshasa (D:15)
  2 centaur warriors
  The ghost of achirane the Grappler, an experienced TrTm of Okawaru (D:13)
  A shock serpent (shapeshifter) (D:14)
  2 orc high priests
  2 skeletal warriors
  6 unseen horrors
  Pikel (D:5)
  8 ugly things
  2 orc knights
  A deep elf conjurer (D:15)
  5 hill giants
  2 orc sorcerers (Orc:2)
  A cyclops (D:14)
  Maurice (D:9)
  A manticore (D:14)
  Joseph (D:8)
  2 spiny frogs
  A smoke demon (Abyss:1)
  3 black mambas
  3 gargoyles
  A centaur skeleton (D:13)
  4 molten gargoyles (D:10)
  2 efreet
  2 komodo dragons
  A deep elf priest (D:9)
  An ancient zyme (Abyss:1)
  A yaktaur (D:15)
  A fire drake (D:11)
  3 kobold demonologists
  A freezing wraith (D:14)
  8 trolls
  A tengu conjurer (D:15)
  Grinder (D:3)
  A raiju (Abyss:1)
  3 two-headed ogres
  2 hornet zombies
  2 shadows (Lab)
  A water elemental (D:13)
  4 deep elf fighters (D:15)
  4 wraiths
  4 wyverns
  A basilisk (Lair:1)
  4 deep elf magi
  23 yaks
  3 hippogriffs
  13 humans
  A hippogriff (shapeshifter) (D:11)
  6 vampire mosquitoes
  2 hungry ghosts
  2 wargs
  3 porcupines (Lair:1)
  A mottled dragon (D:13)
  A small abomination (Abyss:1)
  4 water moccasins (Lair:1)
  2 slaves (D:5)
  37 orc warriors
  A spider (shapeshifter) (D:14)
  6 ogres
  12 centaurs
  2 necrophages
  6 spiders (D:10)
  4 sky beasts
  3 big kobolds
  3 ice beasts
  2 crocodiles
  A brain worm (shapeshifter) (D:13)
  The ghost of Typee the Conjurer, an average DECj (D:5)
  17 giant frogs
  9 scorpions
  2 wyvern skeletons
  16 wights
  16 killer bees
  7 hounds
  2 lava snakes (D:10)
  3 centaur zombies
  9 crimson imps
  3 iguanas
  32 orc wizards
  6 jellies
  22 orc priests
  8 worker ants
  A hound zombie (D:11)
  4 mummies
  2 hound skeletons (D:5)
  Robin (D:4)
  9 river rats
  17 adders
  A shadow imp (D:14)
  A giant eyeball (D:11)
  3 oozes (Sewer)
  An adder skeleton (D:4)
  4 adder zombies (Ossuary)
  2 worms
  10 giant geckos
  180 orcs
  9 giant cockroaches
  17 goblins
  8 hobgoblins
  6 jackals
  10 kobolds
  3 quokkas
  15 ball pythons
  A ball python skeleton (D:4)
  6 bats
  A giant cockroach zombie (D:5)
  A giant gecko skeleton (D:4)
  3 giant newts
  A hobgoblin zombie (Ossuary)
  An orc skeleton (Ossuary)
  2 orc zombies (Ossuary)
  31 rats
  3 fungi (Lair:2)
746 creatures vanquished.

Vanquished Creatures (collateral kills)
  Sonja (Orc:3)
  An orc (D:14)
2 creatures vanquished.

Vanquished Creatures (others)
  A minotaur (Lab)
  A fire dragon (D:14)
  The ghost of PeterLawrence the Basher, an experienced MiFi of Okawaru (D:11)
  A centaur warrior (D:15)
  A tengu warrior (D:15)
  2 skeletal warriors (D:15)
  An unseen horror (D:10)
  A hill giant (D:13)
  A wolf spider zombie (D:15)
  A griffon (D:15)
  7 ugly things
  A black mamba (Lair:1)
  A troll (D:15)
  A deep elf priest (D:9)
  A wraith (D:12)
  A human (D:13)
  3 yaks
  6 vampire mosquitoes
  A soldier ant (D:14)
  A hippogriff (Lair:1)
  2 sky beasts
  8 orc warriors
  3 centaurs
  An ogre (Orc:2)
  A black bear (D:10)
  A big kobold (D:13)
  2 giant frogs
  A wyvern zombie (D:14)
  A killer bee (D:9)
  3 orc wizards
  A worker ant (D:11)
  A mummy (D:15)
  A giant eyeball (D:11)
  An ufetubus (Abyss:1)
  4 orcs
  A kobold (D:12)
  A lurking horror (Abyss:1)
  A plant (Lair:1)
  33 spectral weapons
101 creatures vanquished.

Grand Total: 849 creatures vanquished

Notes
Turn   | Place    | Note
--------------------------------------------------------------
     0 | D:1      | glosham the Demigod Skald began the quest for the Orb.
     0 | D:1      | Reached XP level 1. HP: 17/17 MP: 5/5
    46 | D:1      | You fall through a shaft!
    65 | D:2      | Reached skill level 2 in Fighting
   321 | D:2      | Reached XP level 2. HP: 13/25 MP: 7/7
   380 | D:2      | Reached skill level 3 in Fighting
   453 | D:2      | Reached XP level 3. HP: 20/31 MP: 8/8
   544 | D:2      | Learned a level 3 spell: Regeneration
   618 | D:1      | Found a sparkling altar of Nemelex Xobeh.
  1175 | D:2      | Reached skill level 1 in Necromancy
  1384 | D:3      | Noticed Grinder
  1460 | D:3      | Reached skill level 2 in Axes
  1586 | D:3      | Reached XP level 4. HP: 13/38 MP: 0/9
  1667 | D:3      | Reached skill level 3 in Axes
  1798 | D:3      | Found a glowing drain.
  1807 | Sewer    | Entered a sewer
  2088 | Sewer    | Reached skill level 4 in Fighting
  2088 | Sewer    | Reached XP level 5. HP: 41/46 MP: 5/10
  2583 | Sewer    | Reached skill level 5 in Fighting
  2591 | Sewer    | Reached XP level 6. HP: 36/56 MP: 6/11
  2698 | D:3      | Killed Grinder
  2698 | D:3      | Reached skill level 6 in Fighting
  2709 | D:3      | Learned a level 2 spell: Shroud of Golubria
  3077 | D:4      | Reached XP level 7. HP: 64/64 MP: 7/12
  3087 | D:4      | Learned a level 3 spell: Spectral Weapon
  3125 | D:4      | Reached skill level 2 in Spellcasting
  3125 | D:4      | Reached skill level 3 in Charms
  3125 | D:4      | Reached skill level 1 in Translocations
  3236 | D:4      | HP: 2/64 [orc priest/divine providence (14)]
  3250 | D:4      | Reached skill level 2 in Necromancy
  3362 | D:4      | Noticed Robin
  3483 | D:4      | Killed Robin
  3583 | D:5      | Entered Level 5 of the Dungeon
  3583 | D:5      | Found a staircase to the Ecumenical Temple.
  3657 | D:5      | Noticed Typee's ghost (average DECj)
  3669 | D:5      | Killed Typee's ghost
  3669 | D:5      | Reached skill level 4 in Charms
  4051 | D:5      | Reached skill level 5 in Charms
  4132 | D:5      | Noticed Pikel
  4146 | D:5      | Killed Pikel
  4146 | D:5      | Reached skill level 3 in Stealth
  4146 | D:5      | Reached XP level 8. HP: 52/71 MP: 5/15
  4354 | D:6      | Reached skill level 4 in Axes
  4378 | D:6      | Reached skill level 1 in Dodging
  4536 | D:6      | Upgraded the game from 0.17-a0-1951-g62301d3 to 0.17-a0-1954-g0dddeaa
  4553 | D:6      | Reached skill level 2 in Dodging
  4632 | D:6      | Reached skill level 3 in Dodging
  5036 | D:6      | Reached skill level 4 in Dodging
  5120 | D:6      | Reached XP level 9. HP: 78/78 MP: 16/16
  5510 | D:7      | Found a sand-covered staircase.
  5516 | D:7      | Reached skill level 1 in Hexes
  5525 | Ossuary  | Entered an ossuary
  5590 | Ossuary  | Reached skill level 5 in Dodging
  5622 | Ossuary  | Reached skill level 3 in Spellcasting
  5728 | Ossuary  | Reached skill level 2 in Hexes
  6136 | D:8      | Found a burning altar of Makhleb.
  6136 | D:8      | Noticed a blizzard demon
  6192 | D:8      | Noticed Joseph
  6213 | D:8      | Killed Joseph
  6213 | D:8      | Reached skill level 6 in Dodging
  6213 | D:8      | Reached skill level 6 in Charms
  6297 | D:8      | Reached skill level 4 in Spellcasting
  6594 | D:8      | Reached skill level 7 in Dodging
  6838 | D:9      | Found an iron altar of Okawaru.
  6849 | D:9      | Reached skill level 5 in Axes
  6849 | D:9      | Reached XP level 10. HP: 66/84 MP: 14/20
  6940 | D:9      | Noticed Maurice
  6961 | D:9      | Killed Maurice
  6961 | D:9      | Reached skill level 6 in Axes
  7045 | D:9      | You fall through a shaft!
  7045 | D:10     | Entered Level 10 of the Dungeon
  7198 | D:9      | Noticed asdu's ghost (experienced HOBe)
  7411 | D:9      | Found a white marble altar of Elyvilon.
  7462 | D:9      | Reached skill level 7 in Axes
  7695 | D:10     | Reached skill level 8 in Axes
  7733 | D:10     | HP: 8/84 [poisoned by a spider]
  7795 | D:10     | Found a stormy altar of Qazlal.
  7795 | D:10     | Noticed an unseen horror
  8223 | D:10     | Banished an unseen horror
  8223 | D:10     | Reached skill level 9 in Axes
  8314 | D:10     | Noticed a hill giant
  8340 | D:10     | Killed a hill giant
  8562 | D:11     | Noticed a red ugly thing
  8596 | D:11     | Reached XP level 11. HP: 79/91 MP: 18/21
  8617 | D:11     | Found a staircase to the Lair.
  8711 | D:11     | Reached skill level 10 in Axes
  8739 | D:11     | Noticed an unseen horror
  8775 | D:11     | Noticed an unseen horror
  8851 | D:11     | Noticed a hill giant
  9148 | D:11     | Killed a hill giant
  9185 | D:11     | Killed an unseen horror
  9185 | D:11     | Reached skill level 11 in Axes
  9398 | D:11     | Noticed PeterLawrence's ghost (experienced MiFi)
  9479 | D:11     | Paralysed by a giant eyeball for 4 turns
  9522 | D:11     | Killed an unseen horror
  9585 | D:11     | Noticed a green ugly thing
  9788 | D:10     | Reached skill level 12 in Axes
  9891 | Lair:1   | Entered Level 1 of the Lair of Beasts
 10010 | Lair:1   | Found a labyrinth entrance.
 10026 | Lair:1   | Noticed Fannar
 10054 | Lab      | Entered a labyrinth
 10358 | Lab      | Noticed a minotaur
 10371 | Lab      | Banished a minotaur
 10482 | Lair:1   | Killed Fannar
 10482 | Lair:1   | Reached skill level 13 in Axes
 10823 | Lair:1   | Reached XP level 12. HP: 73/97 MP: 19/22
 11089 | Lair:2   | Got a scintillating bronze ring
 11091 | Lair:2   | Identified the ring of Jurik {Str+2 Int+5 Dex+2} (You found it on level 2 of the Lair of Beasts)
 11346 | Lair:2   | Reached skill level 14 in Axes
 12466 | D:12     | Reached skill level 7 in Fighting
 12589 | D:12     | Found a staircase to the Orcish Mines.
 12775 | Orc:1    | Entered Level 1 of the Orcish Mines
 13405 | Orc:2    | Found a shimmering altar of Xom.
 13551 | Orc:2    | Found a bloodstained altar of Trog.
 13640 | Orc:2    | Noticed an orc warlord
 13673 | Orc:2    | Banished an orc warlord
 13775 | Orc:2    | Reached skill level 15 in Axes
 14006 | Orc:2    | Found a roughly hewn altar of Beogh.
 14007 | Orc:2    | Noticed Harold
 14215 | Orc:2    | Banished Harold
 14459 | D:11     | Banished PeterLawrence's ghost
 14562 | Orc:3    | HP: 6/100 [red devil/trident[an orc high priest] (15)]
 14577 | Orc:3    | HP: 9/100 [orc high priest/divine providence (12)]
 14582 | Orc:3    | HP: 8/100 [poisoned by an orange demon]
 14587 | Orc:3    | HP: 9/100 [poisoned by an orange demon]
 14976 | Orc:3    | Noticed Sonja
 14989 | Orc:3    | Killed Sonja
 15113 | Orc:3    | Found a staircase to the Elven Halls.
 15343 | D:13     | Found a gate to the Vaults.
 15353 | D:12     | Reached XP level 13. HP: 100/105 MP: 23/23
 15418 | D:13     | Noticed achirane's ghost (experienced TrTm)
 15441 | D:13     | Killed achirane's ghost
 15545 | D:13     | Reached skill level 16 in Axes
 16279 | D:14     | Reached skill level 1 in Armour
 16396 | D:14     | Found a flagged portal.
 16458 | D:13     | Reached skill level 1 in Evocations
 16525 | Bailey   | Entered a bailey
 17665 | D:14     | Got a smoking ring mail
 17677 | D:14     | Identified a scroll of acquirement
 17754 | D:14     | Reached skill level 3 in Necromancy
 17818 | D:14     | Reached skill level 5 in Spellcasting
 17845 | D:14     | Identified the cursed +0 ring mail "Xudipiy" {+Blink Str+2 Int+7 Dex-5} (You found it on level 14 of the Dungeon)
 17928 | D:14     | Reached skill level 1 in Shields
 17954 | D:14     | Found a glowing silver altar of Zin.
 17954 | D:14     | Noticed an angel
 17984 | D:14     | Reached skill level 2 in Shields
 18007 | D:14     | Reached skill level 3 in Shields
 18021 | D:14     | Reached skill level 4 in Shields
 18113 | D:14     | Reached skill level 5 in Shields
 18156 | D:15     | Entered Level 15 of the Dungeon
 18184 | D:15     | Reached skill level 6 in Shields
 18241 | D:15     | Reached XP level 14. HP: 100/114 MP: 14/25
 18272 | D:15     | Found Livoihorit's Weapon Boutique.
 18337 | D:15     | Reached skill level 7 in Shields
 18396 | D:15     | Reached skill level 8 in Shields
 18536 | D:15     | Reached skill level 9 in Shields
 18615 | D:15     | Found an opulent altar of Gozag.
 18863 | D:15     | Reached skill level 8 in Fighting
 19041 | D:15     | Found a staircase to the Depths.
 19041 | D:15     | Noticed a frost giant
 19071 | D:15     | Cast into the Abyss (a distortion unwield)
 19143 | Abyss:1  | HP: 11/116 [raiju (7)]
 19143 | Abyss:1  | HP: 3/116 [raiju (8)]
 19143 | Abyss:1  | Mangled by a small abomination

Vault maps used:
D:1:      minmay_arrival_shattered_statue, nemelex_xobeh_ov_fountains_minmay
D:3:      portal_sewer_entry_f, uniq_grinder
D:4:      uniq_robin
D:5:      first_bread, uniq_pikel
D:6:      serial_bayou_crossing
D:7:      gup_ossuary_entry_pyramid
D:8:      grunt_ogre_cave, minmay_misc_feat_nine_boxes,
          makhleb_altar_promises_db, uniq_joseph
D:9:      nicolae_overflow_crystal_walls, kennysheep_pointless_box,
          minmay_item_behind_shaft, david_defended_altar_elf, uniq_maurice
D:10:     basic_altar, spider_trap, kennysheep_crisscross, minivault_8
D:11:     minmay_lair_entry_lava, onia_ninara_cookie
D:12:     hiddenorc1_lemuel
D:13:     david_vaults_3, kennysheep_generic_room_16
D:14:     hangedman_cross_stitches, enter_bailey_8, zin_angel
D:15:     grunt_enter_depths_snipers, nicolae_gozag_seed_capital, serial_undead,
          serial_undead_a, serial_undead_e, serial_undead_a, serial_undead_d,
          serial_undead_d, serial_shops, shop, lemuel_flamethrower_2
Lair:1:   lab_entry_generic, uniq_fannar
Lair:2:   serial_bayou_pond_a, cheibrodos_lair_reptile_den,
          infiniplex_staircase_pool
Orc:2:    orc_temple, hangedman_feature_mirror, uniq_harold
Orc:3:    nicolae_orc_pool_cavern, uniq_sonja
Abyss:1:  hangedman_cross_veins
Lab:      nicolae_lab_dead_adventurers, nicolae_lab_x, nicolae_lab_stuck,
          labyrinth_skeletal_remains, lab_fountain
Sewer:    sewer_minmay_w
Ossuary:  ossuary_due_cavern
Bailey:   bailey_polearm_2, bailey

Action                   |  1- 3 |  4- 6 |  7- 9 | 10-12 | 13-15 || total
-------------------------+-------+-------+-------+-------+-------++-------
Melee: Hand axe          |   153 |    30 |    27 |       |       ||   210
       Dagger            |       |   177 |   269 |       |       ||   446
       Whip              |       |       |    42 |       |       ||    42
       Flail             |       |       |    58 |       |       ||    58
       War axe           |       |       |    16 |   897 |   557 ||  1470
       Rapier            |       |       |     8 |       |       ||     8
       Executioner's axe |       |       |       |       |    13 ||    13
 Fire: Hunting sling     |       |       |     5 |       |       ||     5
Throw: Tomahawk          |       |       |       |    18 |     4 ||    22
       Throwing net      |       |       |       |     4 |       ||     4
       Javelin           |       |       |       |       |     3 ||     3
 Cast: Infusion          |    13 |    14 |    25 |    16 |     2 ||    70
       Regeneration      |     1 |    18 |    35 |   116 |    74 ||   244
       Shroud of Golubri |       |     1 |     1 |     6 |     1 ||     9
       Spectral Weapon   |       |       |    30 |    90 |    58 ||   178
Evoke: Wand              |       |       |       |     7 |     2 ||     9
       Fan of gales      |       |       |       |     1 |     1 ||     2
  Use: Potion            |     1 |     4 |     3 |     5 |     4 ||    17
       Scroll            |     5 |     3 |    14 |    12 |    11 ||    45
 Stab: Sleeping          |       |     1 |    13 |    20 |     2 ||    36
       Invisible         |       |       |     2 |     2 |       ||     4
       Distracted        |       |       |     1 |     4 |     3 ||     8
  Eat: Chunk             |     3 |     9 |    11 |    38 |    24 ||    85
       Beef jerky        |       |       |     5 |     3 |       ||     8
       Meat ration       |       |       |     1 |       |       ||     1
       Royal jelly       |       |       |     1 |       |       ||     1
       Fruit             |       |       |       |     7 |       ||     7

Table legend:
 A = Turns spent in this place as a percentage of turns spent in the entire game.
 B = Non-inter-level travel turns spent in this place as a percentage of non-inter-level travel turns spent in the entire game.
 C = Inter-level travel turns spent in this place as a percentage of turns spent in this place.
 D = Turns resting spent in this place as a percentage of non-inter-level travel turns spent in this place.
 E = Turns spent auto-exploring this place as a percentage of non-inter-level travel turns spent in this place.
 F = Non-inter-level travel turns spent in this place divided by the number of levels of this place that you've seen.
                   A       B       C       D       E      F
               +-------+-------+-------+-------+-------+----------------------
         Total | 100.0 | 100.0 |   0.4 |   0.7 |   0.1 | 649.1
       Dungeon |  66.2 |  66.2 |   0.5 |   0.6 |   0.1 | 716.2
          Lair |   8.6 |   8.6 |   0.2 |   0.1 |   0.4 | 698.0
  Orcish Mines |  12.5 |  12.4 |   0.7 |   0.2 |   0.6 | 673.0
         Abyss |   0.4 |   0.4 |   0.0 |   2.9 |   0.0 |  69.0
     Labyrinth |   2.2 |   2.2 |   0.0 |   0.0 |   0.0 | 351.0
         Sewer |   4.0 |   4.0 |   0.0 |   4.0 |   0.0 | 646.0
       Ossuary |   1.3 |   1.3 |   0.0 |   2.8 |   0.0 | 213.0
        Bailey |   4.9 |   4.9 |   0.0 |   0.0 |   0.0 | 791.0
               +-------+-------+-------+-------+-------+----------------------

Table legend:
 A = Kills in this place as a percentage of kills in entire the game.
 B = Kills by you in this place as a percentage of kills by you in the entire game.
 C = Kills by friends in this place as a percentage of kills by friends in the entire game.
 D = Other kills in this place as a percentage of other kills in the entire game.
 E = Experience gained in this place as a percentage of experience gained in the entire game.
 F = Experience gained in this place divided by the number of levels of this place that you have seen.
                   A       B       C       D       E      F
               +-------+-------+-------+-------+-------+----------------------
         Total | 100.0 | 100.0 | 100.0 | 100.0 | 100.0 | 3560.8
       Dungeon |  61.6 |  60.9 |  50.0 |  71.2 |  72.2 | 4285.5
          Lair |   5.2 |   5.3 |   0.0 |   5.1 |   9.5 | 4250.5
  Orcish Mines |  21.3 |  21.3 |  50.0 |  20.3 |  12.3 | 3650.7
         Abyss |   0.5 |   0.5 |   0.0 |   0.0 |   1.3 | 1130.0
     Labyrinth |   0.5 |   0.4 |   0.0 |   1.7 |   1.8 | 1579.0
         Sewer |   6.4 |   6.9 |   0.0 |   0.0 |   0.4 | 347.0
       Ossuary |   1.6 |   1.8 |   0.0 |   0.0 |   0.7 | 610.0
        Bailey |   2.9 |   3.0 |   0.0 |   1.7 |   1.8 | 1620.0
               +-------+-------+-------+-------+-------+----------------------

Vault maps used:
D:1:      minmay_arrival_shattered_statue, nemelex_xobeh_ov_fountains_minmay
D:3:      portal_sewer_entry_f, uniq_grinder
D:4:      uniq_robin
D:5:      first_bread, uniq_pikel
D:6:      serial_bayou_crossing
D:7:      gup_ossuary_entry_pyramid
D:8:      grunt_ogre_cave, minmay_misc_feat_nine_boxes,
          makhleb_altar_promises_db, uniq_joseph
D:9:      nicolae_overflow_crystal_walls, kennysheep_pointless_box,
          minmay_item_behind_shaft, david_defended_altar_elf, uniq_maurice
D:10:     basic_altar, spider_trap, kennysheep_crisscross, minivault_8
D:11:     minmay_lair_entry_lava, onia_ninara_cookie
D:12:     hiddenorc1_lemuel
D:13:     david_vaults_3, kennysheep_generic_room_16
D:14:     hangedman_cross_stitches, enter_bailey_8, zin_angel
D:15:     grunt_enter_depths_snipers, nicolae_gozag_seed_capital, serial_undead,
          serial_undead_a, serial_undead_e, serial_undead_a, serial_undead_d,
          serial_undead_d, serial_shops, shop, lemuel_flamethrower_2
Lair:1:   lab_entry_generic, uniq_fannar
Lair:2:   serial_bayou_pond_a, cheibrodos_lair_reptile_den,
          infiniplex_staircase_pool
Orc:2:    orc_temple, hangedman_feature_mirror, uniq_harold
Orc:3:    nicolae_orc_pool_cavern, uniq_sonja
Abyss:1:  hangedman_cross_veins
Lab:      nicolae_lab_dead_adventurers, nicolae_lab_x, nicolae_lab_stuck,
          labyrinth_skeletal_remains, lab_fountain
Sewer:    sewer_minmay_w
Ossuary:  ossuary_due_cavern
Bailey:   bailey_polearm_2, bailey
